 Dungeon Crawl Stone Soup version 0.31-a0-986-g5e6e4ef867 (webtiles) character file.

Game seed: 15549539173505003323

192554 Skeral the Ripper (level 17, -1/132 HPs)
             Began as a Felid Delver on Nov 13, 2023.
             Was an Initiate of Gozag.
             Slain by a spark wasp (13 damage)
             ... on level 4 of the Spider Nest on Nov 14, 2023.
             The game lasted 02:29:04 (45525 turns).

Skeral the Ripper (Felid Delver)                   Turns: 45525, Time: 02:29:05

Health: -1/132     AC: 20    Str: 23 (24) XL:     17   Next: 61%
Magic:  13/24      EV: 12    Int: 13      God:    Gozag
Gold:   3228       SH:  5    Dex: 17 (18) Spells: 10/24 levels left
                                        Lives:  0   Deaths: 6

rFire   + +          .
                       - Unarmed
rCold   . . .        (shield unavailable)
rNeg    . . .        (body armour unavailable)
rPois   +            (helmet unavailable)
rElec   .            (cloak unavailable)
rCorr   .            (gloves unavailable)
SInv    +            (boots unavailable)
Will    ++...        v - amulet of reflection
Stlth   ++++         K - ring of the Tortoise {AC+8}
HPRegen 0.42/turn    C - ring of protection from cold
MPRegen 0.19/turn

%: reflection
@: dragon-form, gold aura, flying, hasted, very quick
A: dragon claw, dragon scales, breathe fire, flying, boosted hp, giant, (claws
1), (fangs 3), see invisible, (speed 1), (shaggy fur 3), (stealthy paws), no
weapons or thrown items, no armour, multi-lived
}: 1/15 runes: barnacled
a: Breathe Fire, Begin Untransformation, Renounce Religion, Potion Petition,
Call Merchant, Bribe Branch


You were on level 4 of the Spider Nest.
You worshipped Gozag.
Gozag was most pleased with you.
You were a fearsome dragon!
You visited 6 branches of the dungeon, and saw 31 of its levels.
You also visited: Ossuary and Bailey.

You collected 10904 gold pieces.
You spent 4943 gold pieces at shops.
You paid 2733 gold pieces to Gozag.


Innate Abilities, Weirdness & Mutations

You are a fearsome dragon!
You have a powerful clawing attack.
Your giant scaled body is strong and resilient, but less evasive.
You can breathe fire.
You are flying.
Your maximum health is greatly increased.
((You have sharp claws.))
((You have razor-sharp teeth.))
You have supernaturally acute eyesight. (SInv)
((You cover ground quickly. (Speed+)))
((Your thick and shaggy fur keeps you warm. (AC +3, rC+)))
((Your paws help you pounce on unaware monsters.))
You are incapable of wielding weapons or throwing items.
You cannot wear armour.
You gain extra lives every three experience levels.


   Skills:
 + Level 17.0 Fighting
 - Level 10.0 Dodging
 - Level 8.0 Stealth
 + Level 17.0 Unarmed Combat
 - Level 4.0 Spellcasting
 - Level 13.0 Translocations
 - Level 5.5 Air Magic
 + Level 7.3 Evocations
 + Level 16.6 Shapeshifting


You had 10 spell levels left.
You knew the following spells:

 Your Spells              Type           Power      Damage    Failure   Level
g - Gell's Gravitas       Tloc           36%        N/A       1%          3
t - Teleport Other        Tloc           36%        N/A       1%          3
v - Vhi's Electric Charg  Tloc/Air       52%        N/A       4%          4
X - Manifold Assault      Tloc           36%        N/A       1%          4

Your spell library contained the following spells:

 Spells                   Type           Power      Damage    Failure   Level
 Blink                    Tloc           72%        N/A       1%          2
 Lesser Beckoning         Tloc           72%        N/A       1%          2
 Passage of Golubria      Tloc           36%        N/A       1%          4
 Swiftness                Air            16%        N/A       6%          3
 Dispersal                Tloc           18%        N/A       16%         6
 Ensorcelled Hibernation  Hex/Ice        4%         N/A       30%         2
 Jinxbite                 Hex            4%         N/A       30%         2
 Passwall                 Tmut/Erth      1%         N/A       30%         2
 Sublimation of Blood     Necr           2%         N/A       30%         2
 Inner Flame              Hex/Fire       2%         N/A       52%         3
 Arcjolt                  Conj/Air       4%         1d14      88%         5
 Silence                  Hex/Air        4%         N/A       88%         5
 Anguish                  Hex/Necr       1%         N/A       90%         4
 Brom's Barrelling Bould  Conj/Erth      2%         2d3       90%         4
 Leda's Liquefaction      Hex/Erth       1%         N/A       90%         4
 Petrify                  Tmut/Erth      2%         N/A       90%         4
 Fireball                 Conj/Fire      1%         3d3       99%         5
 Irradiate                Conj/Tmut      1%         3d12      99%         5
 Iskenderun's Battlesphe  Conj           2%         2d6       99%         5
 Lee's Rapid Deconstruct  Erth           1%         3d4*      99%         5
 Yara's Violent Unravell  Hex/Tmut       1%         3d3       99%         5
 Bombard                  Conj/Erth      1%         9d1       100%        6
 Conjure Ball Lightning   Conj/Air       4%         3x3d6     100%        6
 Enfeeble                 Hex            1%         N/A       100%        7
 Orb of Destruction       Conj           1%         9d5       100%        7
 Disjunction              Tloc           18%        N/A       100%        8
 Lehudib's Crystal Spear  Conj/Erth      1%         10d2      100%        8
 Maxwell's Capacitive Co  Air            8%         โˆž       100%        8

Inventory:

Jewellery
 g - an amulet of regeneration
   (You found it on level 2 of the Lair of Beasts)
 v - an amulet of reflection (around neck)
   (You found it on level 6 of the Dungeon)
 C - a ring of protection from cold (right foreclaw)
   (You bought it in a shop on level 2 of the Orcish Mines)
 K - the ring of the Tortoise (left foreclaw) {AC+8}
   (You bought it in a shop on level 14 of the Dungeon)

   [ring of protection]

   AC+8:      It affects your AC (+8).
 N - a ring of positive energy
   (You found it on level 9 of the Dungeon)
 O - a +4 ring of protection
   (You found it on level 1 of the Dungeon)
 P - a ring of poison resistance
   (You found it on level 1 of the Dungeon)
 R - a ring of resist corrosion
   (You found it on level 2 of the Lair of Beasts)
Talismans
 j - a dragon-blood talisman (active)
   (You bought it in a shop on level 14 of the Dungeon)
 M - a maw talisman
   (You found it on level 13 of the Dungeon)
Wands
 e - a wand of digging (16)
 f - a wand of charming (20)
   (You found it on level 5 of the Dungeon)
 o - a wand of quicksilver (2)
   (You bought it in a shop on level 2 of the Orcish Mines)
 u - a wand of roots (7)
   (You found it on level 5 of the Dungeon)
 E - a wand of flame (25)
   (You found it on level 9 of the Dungeon)
 H - a wand of polymorph (9)
   (You found it on level 11 of the Dungeon)
Scrolls
 a - 3 scrolls of fog
 k - 5 scrolls of amnesia
 m - 12 scrolls of teleportation {@r4}
 p - 4 scrolls of immolation {!r!r}
 q - 3 scrolls of vulnerability {!r!r}
 s - a scroll of blinking {!r}
 y - a scroll of torment {!r}
 D - 4 scrolls of poison {!r}
 F - 3 scrolls of silence {!r}
 J - 2 scrolls of revelation
 Q - a scroll of identify {@r1}
Potions
 b - 3 potions of invisibility
 c - a potion of berserk rage {!q}
 d - 3 potions of haste {@q3}
 h - 2 potions of cancellation
 l - 4 potions of attraction {!q}
 n - 11 potions of ambrosia
 t - 7 potions of lignification {!q}
 w - a potion of heal wounds {@q2}
 x - 5 potions of enlightenment
 z - 8 potions of resistance
 B - 8 potions of mutation {!q}
 G - 2 potions of might
 I - 14 potions of curing {@q1}
 L - 4 potions of brilliance
 S - a potion of magic
Miscellaneous
 i - a condenser vane (inert)
   (You found it on level 4 of the Shoals)
 A - a box of beasts
   (You found it on level 1 of the Lair of Beasts)

Dungeon Overview and Level Annotations

Branches:
Dungeon (15/15) Zot: 24427  Temple (1/1) D:5 Zot: 5979    Lair (5/5) D:9 Zot: 19565
 Shoals (4/4) Lair:2 Zot: 16976  Spider (4/4) Lair:2 Zot: 26734   Slime (0/5) Lair:5
    Orc (2/2) D:10 Zot: 15268     Elf (0/3) Orc:2        Depths (0/4) D:15
Ossuary (visited)          Bailey (visited)
 Vaults: D:13-14

Altars:
Ashenzari
Cheibriados
Dithmenos
Elyvilon
Fedhas
Gozag
Hepliaklqana
Kikubaaqudgha
Makhleb
Nemelex Xobeh
Okawaru
Qazlal
Ru
Sif Muna
Trog
Uskayaw
Vehumet
Wu Jian
Xom
Yredelemnul
Zin
The Shining One

Shops:
D:1 (   D:6 [   D:7 ((*   D:10 !   D:14 =   Orc:2 *[*:*   Shoals:1 ?

Annotations:
D:2 Terence
D:8 Erica
D:12 Erolcha
Lair:4 Snorg
Lair:5 3 runed translucent doors, Fractals's ghost, journeyman KoHu
Shoals:2 Ilsuiw

.......# ......###
..<.....#
..^.......
..โ—‹.......##
.sy....^...ยง##
.......$...#.^####
y.B.......^s...y^#
s.......#B######D#
........##^#.#y#.#
#.##s## #.#s#^.#
#.#B##s#####
#^#.#.#ss..#.###
$#.#.##s#.s#.^^#
#####.#..^.s$ยง#
....^.....^s...#


You could see 2 boulder beetles, a spark wasp, 2 demonic crawlers, 2 wolf
spiders, 2 culicivoras, a vampire mosquito and a redback.


Message History

There are monsters nearby!
You are confused.
You feel invigorated.
A demonic crawler comes into view. ๐Ÿ˜จ HP[+3] MP[+3]
You regained 3 hp, and now have 62/132 hp.
You regained 3 mp, and now have 3/24 mp.
A redback comes into view. ๐Ÿ˜ฎ HP[+6] MP[+4]
You regained 6 hp, and now have 68/132 hp.
You regained 4 mp, and now have 7/24 mp.
You feel better.
You feel less invigorated. You block the culicivora's attack.
The culicivora closely misses you. ๐Ÿ˜ฎ HP[+12] MP[+4]
You regained 12 hp, and now have 80/132 hp.
You regained 4 mp, and now have 11/24 mp.
You bite the culicivora!! The culicivora barely misses you.
The culicivora bites you but does no damage. ๐Ÿ˜ฎ HP[+1]
You closely miss the culicivora. The culicivora bites you!
The culicivora draws strength from your injuries!
The redback is distracted by your dazzling golden aura.
The culicivora misses you. ๐Ÿ˜ฎ HP[-13]
You take 13 damage, and now have 68/132 hp.
You feel yourself speed up.
The culicivora chitters at the culicivora.
The culicivora is healed somewhat.
The culicivora bites you but does no damage.
A wolf spider comes into view.
The culicivora chitters at the culicivora.
The culicivora is healed somewhat.
You block the culicivora's attack.
You closely miss the culicivora.
The wolf spider's many legs skitter.
Your claw misses the culicivora. The demonic crawler barely misses you.
The demonic crawler misses you. You block the demonic crawler's attack.
The culicivora misses you. The culicivora bites you!
* * * LOW HITPOINT WARNING * * *
The culicivora draws strength from your injuries! ๐Ÿ˜จ HP[-8]
You take 8 damage, and now have 60/132 hp.
You claw the culicivora! x2; You bite the culicivora.
You block the demonic crawler's attack. The demonic crawler closely misses you.
The demonic crawler barely misses you. The culicivora bites you!
* * * LOW HITPOINT WARNING * * *
The culicivora draws strength from your injuries! ๐Ÿ˜จ HP[-12]
You take 12 damage, and now have 48/132 hp.
You barely miss the culicivora. The culicivora barely misses you.
You barely miss the culicivora.
The demonic crawler hits you but does no damage.
You block the demonic crawler's attack. The demonic crawler barely misses you.
The culicivora bites you!!
* * * LOW HITPOINT WARNING * * *
The culicivora draws strength from your injuries!
The culicivora bites you!
* * * LOW HITPOINT WARNING * * *
The culicivora draws strength from your injuries! ๐Ÿ˜ฑ HP[-31] MP[+1]
You take 31 damage, and now have 17/132 hp.
MASSIVE DAMAGE!! (PAUSE)
Okay, then.
Okay, then.
Unknown command.
Okay, then.
Okay, then.
Blink to where?
Press: ? - help, Dir - move target A boulder beetle comes into view.
As you read the scroll of blinking {!r}, it crumbles to dust.
A demonic crawler comes into view.
The culicivora chitters at the culicivora.
The culicivora is healed somewhat.
The jumping spider leaps!
A wolf spider comes into view. ๐Ÿ˜ฑ HP[+1]
A vampire mosquito comes into view.
The demonic crawler gives a hideous shriek!
You hear a skittering sound.
You feel much better.
The vampire mosquito is distracted by your dazzling golden aura. ๐Ÿ˜จ HP[+20]
You regained 20 hp, and now have 38/132 hp.
The spark wasp bursts into living lightning!
The living lightning hits you!!
* * * LOW HITPOINT WARNING * * *
The spark wasp blinks! x2 ๐Ÿ˜ฑ HP[-20]
You take 20 damage, and now have 18/132 hp.
You hit the spark wasp but do no damage.
You tail-slap the spark wasp, but do no damage.
The vampire mosquito is no longer distracted by gold.
The spark wasp is distracted by your dazzling golden aura.
A boulder beetle comes into view.
You barely miss the spark wasp.
The spark wasp is no longer distracted by gold.
The spark wasp stings you.
* * * LOW HITPOINT WARNING * * *
The spark wasp shocks you!
You die...
Your body crumbles into a pile of gold.

Skill      XL: |  1  2  3  4  5  6  7  8  9 10 11 12 13 14 15 16 17 |
---------------+----------------------------------------------------+-----
Stealth        | 7 8 |  8.0
Shapeshifting  | 1 2 3 4 5 7 8 10 12 16 | 16.6
Unarmed Combat | 3 4 5 6 8 10 11 13 14 15 16 17 | 17.0
Fighting       | 4 5 6 7 8 10 11 13 14 15 16 17 | 17.0
Dodging        | 5 6 7 8 10 | 10.0
Evocations     | 2 4 5 7 |  7.3
Translocations | 5 9 11 12 13 | 13.0
Air Magic      | 3 5 |  5.5
Spellcasting   | 3 4 |  4.0

Action                     |  1- 3 |  4- 6 |  7- 9 | 10-12 | 13-15 | 16-18 || total
---------------------------+-------+-------+-------+-------+-------+-------++-------
  Melee: Unarmed           |    97 |   130 |   330 |   669 |  1171 |   766 ||  3163
         Bite              |     7 |    11 |    38 |    92 |    46 |    83 ||   277
         Punch             |     3 |     3 |    12 |    50 |    28 |    65 ||   161
         Constrict         |       |       |       |    10 |   200 |       ||   210
         Maw               |       |       |       |       |    93 |   107 ||   200
         Tailslap          |       |       |       |       |       |    65 ||    65
   Cast: Vhi's Electric Ch |       |       |       |       |     1 |    42 ||    43
         Manifold Assault  |       |       |       |       |       |   126 ||   126
 Invoke: Potion Petition   |       |       |     1 |       |     1 |       ||     2
         Call Merchant     |       |       |       |       |     2 |       ||     2
Ability: Breathe Fire      |       |       |       |       |       |     2 ||     2
  Evoke: Wand              |       |     7 |    10 |    16 |    13 |     9 ||    55
         Box of beasts     |       |       |       |     1 |     3 |     1 ||     5
         Condenser vane    |       |       |       |       |       |     1 ||     1
    Use: Scroll            |     1 |     3 |     8 |     4 |    16 |     8 ||    40
         Potion            |       |       |       |     1 |     6 |    12 ||    19
   Stab: Sleeping          |    14 |    10 |    29 |    15 |    21 |     3 ||    92
         Distracted        |       |     1 |     2 |    10 |     5 |     3 ||    21
 Armour: Skin              |    24 |    38 |    96 |   197 |   598 |   445 ||  1398
  Dodge: Dodged            |    69 |    95 |   230 |   463 |   634 |   360 ||  1851
  Block: Other             |       |       |    49 |   115 |   215 |   116 ||   495
         Reflection        |       |       |     1 |     3 |    13 |     8 ||    25
   Form: Beast             |     1 |       |       |       |       |       ||     1
         Anaconda          |       |       |       |     1 |     2 |       ||     3
         Flux              |       |       |       |       |     1 |       ||     1
         Maw               |       |       |       |       |     2 |       ||     2
         Dragon            |       |       |       |       |       |     1 ||     1

Levels and vault maps discovered:
D:1:      kennysheep_arrival_forest, layout_loops_ring, serial_shops,
          shop_statue, roderic_lattice_a, st_stairs_14, skrybe_limestone_x
D:2:      layout_loops_ring, uniq_terence
D:3:      layout_basic, trog_three_pillars_becter, bloody_makhleb,
          shapermc_ecumenical_altar_venn
D:4:      layout_rooms, mainiacjoe_overflow_surrounded_room,
          kennysheep_little_box, led_sif_book, portal_sewer_entry_f,
          nicolae_figureground_pulse
D:5:      layout_loops_ring, kennysheep_mini_moat, dk_xom_monty_hall,
          overflow_temple_1_default, temple_green, uniq_edmund
D:6:      layout_gridville, serial_shops, nicolae_shop_mannequins,
          nicolae_ossuary_entry_ruins, uniq_pikel, uniq_menkaure
D:7:      layout_cave_pools, enter_bailey_8, serial_shops, shop,
          nicolae_shop_rolling_square, shop
D:8:      layout_loops_cross, old_standard_altar, uniq_erica
D:9:      minmay_separated_statues, layout_basic,
          nicolae_ru_the_path_less_chosen, due_lair_maze_entry_diamond,
          uniq_grum, uniq_joseph
D:10:     layout_basic, mainiacjoe_overflow_brackets, serial_shops, shop,
          minmay_liquid_box, hangedman_decor_peaks_small, uniq_urug
D:11:     layout_loops_cross, chequers_arboretum
D:12:     layout_irregular_city, uniq_erolcha, uniq_nessos
D:13:     layout_loops_ring, grunt_vaults_entry_fortified
D:14:     kennysheep_seaside_town, layout_irregular_city,
          minmay_misc_feat_nine_boxes, st_stairs_9, tso_altar
D:15:     hangedman_depths_entry_try_elsewhere_first, layout_long_grid,
          grunt_decor_resistance
Temple:   minmay_temple_curvy_loop
Lair:1:   layout_layer_cave, chequers_serial_rivers_room_b
Lair:2:   layout_cave_pods, nicolae_shoals_entry_flooding,
          spider_nest_entry_webs, grunt_megastairs_4
Lair:3:   layout_chaotic_city, basic_altar, chequers_serial_rivers_micro_c
Lair:4:   layout_hall_layers, basic_altar, special_room [special_room_bee],
          grunt_megastairs_3, uniq_snorg
Lair:5:   minmay_lair_end_enchanted_forest, layout_concentric_octagons,
          minmay_slime_entry_pillars, gammafunk_ghost_split, special_room
          [special_room_mythical_zoo]
Shoals:1: layout_shoals, serial_shops, shop, uniq_josephine
Shoals:2: layout_shoals, nicolae_shoals_siren_and_animal_friends, uniq_ilsuiw,
          uniq_polyphemus
Shoals:3: layout_shoals
Shoals:4: shoals_end_grunt_ice, layout_shoals, nicolae_shoals_goliath_grotto
Spider:1: layout_spider_delve, uniq_asterion
Spider:2: layout_spider_delve, uniq_azrael, uniq_louise
Spider:3: layout_spider_delve, ebering_ghost_disaster_area
Spider:4: grunt_spider_rune_circles, einodemon_crawler_minivault
Orc:1:    layout_caves, statue_in_the_mist_lemuel, uniq_harold
Orc:2:    st_orc_ogre_mass, layout_diamond_mine, uniq_jorgrun

Notes
Turn   | Place    | Note
-------+----------+-------------------------------------------
     0 | D:5      | Skeral the Felid Delver began the quest for the Orb.
     0 | D:5      | Reached XP level 1. HP: 10/10 MP: 2/2
     0 | D:5      | magus.rc [v1.10.3]
    22 | D:5      | Found a blossoming altar of Fedhas.
    47 | D:5      | Slain by an ufetubus
    73 | D:4      | Found a broken altar of Ashenzari.
   158 | D:2      | Noticed Terence
   198 | D:2      | Reached XP level 2. HP: 14/14 MP: 3/3
   318 | D:2      | Reached skill level 7 in Stealth
   326 | D:2      | HP: 2/14 [gnoll/+0 spear (5)]
   468 | D:2      | Reached XP level 3. HP: 17/17 MP: 4/4
  1013 | D:1      | Found Tojuathroaps's Antique Weapon Shop.
  1365 | D:2      | Reached skill level 1 in Shapeshifting
  1387 | D:2      | Reached XP level 4. HP: 17/22 MP: 5/5
  1734 | D:2      | Reached skill level 3 in Unarmed Combat
  1930 | D:3      | Found a burning altar of Makhleb.
  2081 | D:3      | Found a bloodstained altar of Trog.
  2190 | D:3      | Found a faded altar of an unknown god.
  2300 | D:3      | Reached XP level 5. HP: 25/25 MP: 6/6
  2383 | D:4      | Found a sparkling altar of Nemelex Xobeh.
  2461 | D:4      | You add the spells Gell's Gravitas, Teleport Other and
                  | Dispersal to your library.
  2480 | D:4      | Noticed a phantom
  2507 | D:4      | Reached skill level 4 in Fighting
  2514 | D:4      | Reached skill level 2 in Shapeshifting
  2571 | D:4      | Found a shimmering blue altar of Sif Muna.
  2906 | D:4      | Killed a phantom
  2907 | D:4      | Reached skill level 8 in Stealth
  2907 | D:4      | Gained mutation: You are covered in thick fur. (AC +2)
                  | [Felid growth]
  2907 | D:4      | Reached XP level 6. HP: 22/29 MP: 7/7
  3042 | D:5      | Noticed an ice beast
  3328 | D:5      | Found a shimmering altar of Xom.
  3354 | D:5      | Reached skill level 4 in Unarmed Combat
  3437 | D:5      | Reached skill level 3 in Shapeshifting
  3439 | D:5      | Found a staircase to the Ecumenical Temple.
  3441 | D:5      | Noticed Edmund
  3501 | D:5      | Reached skill level 5 in Fighting
  3501 | D:5      | Reached XP level 7. HP: 28/33 MP: 8/8
  3630 | D:5      | Killed Edmund
  3729 | Temple   | Entered the Ecumenical Temple
  3742 | Temple   | Became a worshipper of Gozag Ym Sagoz the Greedy
  3846 | D:5      | Found an iron altar of Okawaru.
  3927 | D:5      | Reached skill level 4 in Shapeshifting
  3967 | D:6      | Noticed Pikel
  3972 | D:6      | Noticed a komodo dragon
  4053 | D:6      | Noticed a wraith
  4138 | D:6      | Found a sand-covered staircase.
  4149 | Ossuary  | Entered an ossuary
  4318 | Ossuary  | Reached skill level 5 in Unarmed Combat
  4650 | D:6      | Reached skill level 6 in Fighting
  4650 | D:6      | Reached XP level 8. HP: 33/38 MP: 9/9
  4770 | D:6      | Reached skill level 3 in Dodging
  4819 | D:6      | Noticed Menkaure
  4828 | D:6      | Killed Menkaure
  4857 | D:6      | Reached skill level 5 in Shapeshifting
  5071 | D:6      | Noticed an animated shadow dragon scales
  5072 | D:6      | Found Gija's Armour Boutique.
  5075 | D:6      | Identified a +0 crystal plate armour
  5075 | D:6      | Noticed an animated crystal plate armour
  5114 | D:6      | Killed Pikel
  5115 | D:6      | Reached skill level 4 in Dodging
  5115 | D:6      | Reached skill level 6 in Unarmed Combat
  5426 | D:7      | Found Mulount's Antique Weapon Shop.
  5434 | D:7      | Noticed an unseen horror
  5460 | D:7      | Reached skill level 5 in Dodging
  5535 | D:7      | Found a flagged portal.
  5568 | D:7      | Found Kofu Elo's General Store.
  5625 | D:7      | Found Xauwkapt's Antique Weapon Boutique.
  5629 | D:7      | Reached skill level 7 in Fighting
  5629 | D:7      | Reached XP level 9. HP: 43/43 MP: 10/10
  5645 | D:7      | Bought a scroll of immolation for 40 gold pieces
  5645 | D:7      | Bought a scroll of teleportation for 30 gold pieces
  5645 | D:7      | Bought a scroll of identify for 20 gold pieces
  5684 | Bailey   | Entered a bailey
  5752 | Bailey   | Reached skill level 6 in Shapeshifting
  5776 | Bailey   | Noticed a gargoyle
  5983 | Bailey   | Reached skill level 6 in Dodging
  6023 | Bailey   | Reached skill level 7 in Unarmed Combat
  6543 | D:7      | Killed an unseen horror
  6787 | D:8      | Found a hazy altar of Hepliaklqana.
  6809 | D:8      | Reached skill level 8 in Fighting
  6809 | D:8      | Reached skill level 7 in Shapeshifting
  7020 | D:8      | Reached skill level 8 in Unarmed Combat
  7734 | D:8      | Noticed Erica
  7804 | D:8      | Noticed a two-headed ogre
  7837 | D:8      | Reached XP level 10. HP: 49/49 MP: 11/11
  7906 | D:8      | Reached skill level 9 in Fighting
  8308 | D:9      | Noticed Joseph
  8325 | D:9      | You pick up a book of Displacement and begin reading...
  8351 | D:9      | Noticed Grum
  8376 | D:8      | Reached skill level 9 in Unarmed Combat
  8580 | D:9      | Found a sacrificial altar of Ru.
  8715 | D:9      | Identified the +9 falchion of Hiyhishe {heavy, rN+ Str+2}
  8964 | D:9      | Found a staircase to the Lair.
  8976 | D:9      | Noticed a two-headed ogre
  8983 | D:9      | Killed a two-headed ogre
  8984 | D:9      | Reached skill level 10 in Fighting
  9215 | D:9      | Reached skill level 10 in Unarmed Combat
  9239 | D:9      | Noticed an ice statue
  9285 | D:9      | Reached skill level 1 in Evocations
  9539 | D:9      | HP: 10/51 [troll (11)]
  9539 | D:9      | Slain by a troll
  9776 | D:9      | Killed Grum
  9878 | D:9      | Reached skill level 2 in Evocations
 10016 | D:10     | Entered Level 10 of the Dungeon
 10036 | D:10     | Noticed Urug
 10062 | D:10     | HP: 9/51 [Urug/+3 halberd (18)]
 10063 | D:10     | Killed Urug
 10064 | D:10     | Reached skill level 7 in Dodging
 10259 | D:10     | Found Seipaog's Distillery.
 10310 | D:10     | Reached XP level 11. HP: 44/55 MP: 12/12
 10405 | D:10     | Found a staircase to the Orcish Mines.
 10610 | D:10     | Found a glowing golden altar of the Shining One.
 10645 | D:10     | Reached skill level 3 in Evocations
 10733 | D:10     | Bought a potion of curing for 33 gold pieces
 10733 | D:10     | Bought a potion of heal wounds for 55 gold pieces
 10733 | D:10     | Bought a potion of resistance for 110 gold pieces
 10733 | D:10     | Bought a potion of curing for 33 gold pieces
 10733 | D:10     | Bought a potion of brilliance for 44 gold pieces
 10733 | D:10     | Bought a potion of might for 44 gold pieces
 11063 | D:10     | You pick up a book of Misfortune and begin reading...
 11063 | D:10     | You add the spells Inner Flame, Yara's Violent Unravelling
                  | and Enfeeble to your library.
 11430 | D:11     | Reached skill level 4 in Evocations
 11434 | D:11     | Reached skill level 8 in Dodging
 11951 | D:11     | You pick up a book of Burglary and begin reading...
 11951 | D:11     | You add the spells Passwall, Ensorcelled Hibernation and
                  | Swiftness to your library.
 12179 | D:12     | Noticed Nessos
 12275 | D:12     | Noticed Erolcha
 12337 | D:12     | Reached skill level 11 in Fighting
 12599 | D:12     | Reached skill level 11 in Unarmed Combat
 12599 | D:12     | Reached skill level 8 in Shapeshifting
 12620 | D:12     | Noticed a deep elf pyromancer
 12790 | Orc:1    | Entered Level 1 of the Orcish Mines
 13166 | Orc:1    | Noticed Harold
 13340 | D:9      | HP: 7/55 [Joseph/+2 spectral quarterstaff (13)]
 13340 | D:9      | Mangled by a +2 spectral quarterstaff
 13434 | D:9      | Killed Joseph
 13578 | Lair:1   | Entered Level 1 of the Lair of Beasts
 14045 | Lair:1   | Gained mutation: Your thick and shaggy fur keeps you warm.
                  | (AC +3, rC+) [Felid growth]
 14045 | Lair:1   | Reached XP level 12. HP: 35/60 MP: 13/13
 14182 | Lair:1   | Reached skill level 9 in Shapeshifting
 14542 | Lair:1   | Reached skill level 12 in Fighting
 14551 | Lair:1   | Reached skill level 12 in Unarmed Combat
 15593 | Lair:2   | Reached skill level 10 in Shapeshifting
 16148 | Lair:2   | HP: 7/61 [larval batfire beast][the player character] (17)]
 16617 | Lair:2   | Found a hole to the Spider Nest.
 16785 | Lair:2   | Reached skill level 13 in Fighting
 16787 | Lair:2   | Reached skill level 13 in Unarmed Combat
 17171 | Lair:3   | Noticed a death yak
 17256 | Lair:3   | Reached XP level 13. HP: 52/66 MP: 14/14
 18414 | Lair:3   | Reached skill level 14 in Fighting
 18414 | Lair:3   | Reached skill level 14 in Unarmed Combat
 18724 | Lair:3   | Found an iron altar of Okawaru.
 19037 | Lair:4   | You add the spells Vhi's Electric Charge, Arcjolt and
                  | Maxwell's Capacitive Coupling to your library.
 19044 | Lair:4   | Learned a level 4 spell: Vhi's Electric Charge
 19112 | Lair:4   | Reached skill level 1 in Translocations
 19131 | Lair:3   | Reached skill level 1 in Air Magic
 19313 | Lair:4   | Reached skill level 2 in Translocations
 19712 | Lair:4   | You fall into a shaft and drop 1 floor!
 19712 | Lair:5   | Entered Level 5 of the Lair of Beasts
 19798 | Lair:4   | Noticed Snorg
 19836 | Lair:3   | Reached skill level 3 in Translocations
 19923 | Lair:4   | Reached skill level 2 in Air Magic
 20036 | Lair:3   | Reached skill level 4 in Translocations
 20867 | Lair:4   | Found a shimmering altar of Xom.
 21167 | Lair:5   | Found a runed translucent gate.
 21168 | Lair:5   | Found a runed translucent gate.
 21168 | Lair:5   | Found a runed translucent gate.
 21171 | Lair:5   | Noticed Fractals's ghost (journeyman KoHu)
 21390 | Lair:5   | Reached skill level 3 in Air Magic
 21435 | Lair:5   | Reached skill level 5 in Translocations
 21468 | Lair:5   | Reached XP level 14. HP: 28/72 MP: 15/15
 21659 | Lair:5   | Learned a level 3 spell: Teleport Other
 21948 | Lair:5   | Reached skill level 6 in Translocations
 22174 | Lair:5   | Found a staircase to the Slime Pits.
 22202 | Lair:5   | HP: 15/86 [lindwurm/blast of flame (24)]
 22224 | Lair:5   | HP: 19/86 [wolf (3)]
 22311 | Lair:5   | Reached skill level 4 in Air Magic
 22775 | Lair:5   | Reached skill level 15 in Unarmed Combat
 22843 | Lair:5   | Reached skill level 15 in Fighting
 22882 | Lair:5   | Reached skill level 7 in Translocations
 23512 | Lair:5   | Reached skill level 1 in Spellcasting
 23903 | Lair:5   | Identified the flux talisman of Fafeism {rPois Int+3
                  | Slay+3}
 23933 | Lair:5   | Reached skill level 8 in Translocations
 23990 | Lair:5   | Identified the +10 sling of Blind Justice {drain, *Slow Fly
                  | Will+ Int+3}
 24648 | Orc:2    | Entered Level 2 of the Orcish Mines
 24648 | Orc:2    | Noticed Jorgrun
 24662 | Orc:2    | Killed Jorgrun
 24663 | Orc:2    | Reached skill level 2 in Spellcasting
 24882 | Orc:2    | Found Lifid's Book Emporium.
 24882 | Orc:2    | Found Loinipp's Armour Boutique.
 24882 | Orc:2    | Found Jamu's General Store.
 24882 | Orc:2    | Found Ufotiloo's Assorted Antiques.
 25336 | Orc:1    | Killed Harold
 25337 | Orc:1    | Reached skill level 5 in Air Magic
 25397 | Orc:2    | Found a staircase to the Elven Halls.
 25503 | Orc:2    | Reached skill level 9 in Translocations
 25526 | Orc:2    | HP: 16/87 [two-headed ogre/+0 giant club (18)]
 25740 | Orc:2    | Reached skill level 3 in Spellcasting
 26243 | Orc:2    | Bought an Inescapable Atlas for 176 gold pieces
 26243 | Orc:2    | You add the spells Blink and Manifold Assault to your
                  | library.
 26244 | Orc:2    | Bought a potion of heal wounds for 80 gold pieces
 26244 | Orc:2    | Bought a scroll of blinking for 120 gold pieces
 26245 | Orc:2    | Bought a scroll of blinking for 210 gold pieces
 26245 | Orc:2    | Bought a curved fluorescent wand for 112 gold pieces
 26247 | Orc:2    | Bought a notched agate ring for 140 gold pieces
 26290 | Orc:2    | HP: 11/87 [two-headed ogre/+0 giant club (22)]
 26290 | Orc:2    | Mangled by a two-headed ogre
 26534 | Orc:2    | Reached XP level 15. HP: 78/78 MP: 21/21
 26901 | Orc:2    | Reached skill level 10 in Translocations
 26951 | Orc:2    | Learned a level 4 spell: Manifold Assault
 26955 | Orc:2    | Learned a level 3 spell: Gell's Gravitas
 26981 | Orc:2    | Reached skill level 4 in Spellcasting
 27014 | Orc:2    | Bought a scroll of poison for 64 gold pieces
 27014 | Orc:2    | Bought a scroll of teleportation for 48 gold pieces
 27014 | Orc:2    | Bought a scroll of identify for 32 gold pieces
 27445 | D:12     | HP: 22/93 [deep elf pyromancer/bolt of fire (27)]
 27674 | D:12     | Killed Nessos
 28672 | D:13     | Reached skill level 16 in Unarmed Combat
 28678 | D:13     | Reached skill level 16 in Fighting
 28678 | D:13     | Reached skill level 11 in Translocations
 29241 | D:14     | HP: 15/78 [meliai/+0 war axe (7)]
 29415 | D:13     | HP: 18/78 [skeletal warrior/+1 battleaxe of venom[a death
                  | knight] (17)]
 29417 | D:13     | HP: 8/78 [skeletal warrior/+1 battleaxe of venom[a death
                  | knight] (20)]
 29418 | D:13     | HP: 3/78 [skeletal warrior/+1 battleaxe of venom[a death
                  | knight] (28)]
 29420 | D:13     | Demolished by a skeletal warrior
 30422 | D:14     | Found a glowing golden altar of the Shining One.
 30475 | D:14     | Identified the +4 dagger "Utwium" {drain, rCorr Dex+4}
 31286 | D:15     | Entered Level 15 of the Dungeon
 31334 | D:15     | Reached skill level 9 in Dodging
 32068 | D:15     | HP: 23/94 [death knight/+0 glaive (12)]
 32682 | D:14     | magus.rc [v1.10.3]
 32706 | D:14     | Bought the ring of the Tortoise {AC+8} for 2304 gold pieces
 32706 | D:14     | Found the ring of the Tortoise {AC+8}
 33145 | D:15     | Found a staircase to the Depths.
 33647 | Spider:1 | Entered Level 1 of the Spider Nest
 33945 | Spider:1 | You pick up a book of Alchemy and begin reading...
 33945 | Spider:1 | You add the spells Sublimation of Blood, Petrify and
                  | Irradiate to your library.
 33960 | Spider:1 | Reached skill level 10 in Dodging
 33960 | Spider:1 | Reached skill level 11 in Shapeshifting
 34597 | Spider:1 | magus.rc [v1.10.3]
 34973 | Spider:1 | Noticed an emperor scorpion
 35410 | Shoals:1 | Entered Level 1 of the Shoals
 35418 | Shoals:1 | Reached skill level 12 in Shapeshifting
 35431 | Shoals:1 | You pick up a book of the Moon and begin reading...
 35431 | Shoals:1 | You add the spells Passage of Golubria, Silence and
                  | Lehudib's Crystal Spear to your library.
 35734 | Shoals:1 | Reached XP level 16. HP: 53/83 MP: 23/23
 36059 | Shoals:1 | Found Jiduef's Magic Scroll Emporium.
 36083 | Shoals:1 | Bought a scroll of teleportation for 42 gold pieces
 36126 | Shoals:1 | Noticed Josephine
 36244 | Shoals:1 | Killed Josephine
 36454 | Shoals:2 | Noticed Polyphemus
 36683 | Shoals:2 | Reached skill level 13 in Shapeshifting
 38382 | Shoals:2 | Killed Polyphemus
 38383 | Shoals:2 | Reached skill level 12 in Translocations
 38383 | Shoals:2 | Reached skill level 14 in Shapeshifting
 38675 | Shoals:2 | Noticed Ilsuiw
 39004 | Spider:1 | Noticed Asterion
 39134 | Spider:2 | Noticed Louise
 39421 | D:14     | Bought a dragon-blood talisman for 1080 gold pieces
 39888 | Shoals:2 | You pick up a book of the Warp and begin reading...
 39973 | Shoals:2 | You pick up a book of the Earth and begin reading...
 39973 | Shoals:2 | You add the spells Leda's Liquefaction, Lee's Rapid
                  | Deconstruction and Bombard to your library.
 40199 | Shoals:3 | Reached skill level 15 in Shapeshifting
 40431 | Shoals:3 | Noticed a kraken
 40447 | Shoals:3 | Killed a kraken
 40585 | Shoals:3 | Identified the +11 shortbow of the Lachrymose God {drain,
                  | rF+ Dex+2}
 40752 | Shoals:3 | You pick up a book of the Spheres and begin reading...
 40752 | Shoals:3 | You add the spells Brom's Barrelling Boulder, Iskenderun's
                  | Battlesphere, Fireball, Conjure Ball Lightning and Orb of
                  | Destruction to your library.
 40980 | Shoals:4 | Entered Level 4 of the Shoals
 41014 | Shoals:4 | HP: 31/124 [merfolk aquamancer/+3 rapier of holy wrath
                  | (11)]
 41019 | Shoals:4 | HP: 27/124 [manticore (10)]
 41297 | Shoals:4 | Reached skill level 16 in Shapeshifting
 41402 | Shoals:4 | Reached skill level 5 in Evocations
 41736 | Shoals:4 | You pick up a book of Dreams and begin reading...
 41736 | Shoals:4 | You add the spells Jinxbite and Anguish to your library.
 41853 | Shoals:4 | Reached XP level 17. HP: 87/87 MP: 15/24
 42906 | Shoals:4 | HP: 30/130 [drowned by a water nymph (7)]
 43091 | Shoals:4 | Identified the +2 great sword of the Endless March
                  | {antimagic, Int+3 SInv}
 43266 | Shoals:4 | Reached skill level 6 in Evocations
 43533 | Shoals:4 | Got a barnacled rune of Zot
 43681 | Shoals:1 | Bought 3 scrolls of teleportation for 126 gold pieces
 43835 | Spider:1 | Killed Asterion
 44426 | Spider:2 | Reached skill level 13 in Translocations
 44633 | Spider:2 | Noticed Azrael
 44647 | Spider:2 | Killed Azrael
 44856 | Spider:2 | Killed Louise
 45391 | Spider:2 | magus.rc [v1.10.3]
 45393 | Spider:3 | HP: 28/120 [pharaoh ant (29)]
 45393 | Spider:3 | Slain by a pharaoh ant
 45397 | Spider:4 | Entered Level 4 of the Spider Nest
 45428 | Spider:3 | Reached skill level 7 in Evocations
 45494 | Spider:3 | Reached skill level 17 in Unarmed Combat
 45507 | Spider:4 | Reached skill level 17 in Fighting
 45516 | Spider:4 | HP: 29/132 [culicivora (19)]
 45523 | Spider:4 | HP: 18/132 [spark wasp/living lightning (20)]
 45525 | Spider:4 | Slain by a spark wasp

Vanquished Creatures
  Jorgrun (Orc:2)
  Asterion (Spider:1)
  A kraken (Shoals:3)
  Polyphemus (Shoals:2)
  An emperor scorpion (Spider:1)
  2 ghost moths
  Louise (Spider:2)
  A broodmother (Spider:3)
  Nessos (D:12)
  Azrael (Spider:2)
  A spark wasp (Spider:3)
  4 merfolk javelineers
  6 merfolk impalers
  Josephine (Shoals:1)
  2 hydras
  A rakshasa (D:14)
  Harold (Orc:1)
  A merfolk aquamancer (Shoals:4)
  6 merfolk avatars
  A catoblepas (Shoals:2)
  4 ogre magi (Orc:2)
  5 alligator snapping turtles
  2 centaur warriors
  3 satyrs
  4 tengu warriors
  16 two-headed ogres
  A boulder beetle (D:13)
  2 death knights
  2 alligators (Shoals:4)
  8 death yaks
  A demonic crawler (Spider:1)
  Urug (D:10)
  14 spriggans (Lair:5)
  4 pharaoh ants
  3 skeletal warriors
  5 skysharks
  14 sea snakes
  3 orb spiders
  2 phantasmal warriors
  A steelbarb worm (Spider:2)
  Pikel (D:6)
  3 cyclopes
  2 lindwurms (Lair:5)
  11 harpies
  6 ugly things
  8 fauns
  A deep elf pyromancer (D:12)
  10 wolf spiders
  19 manticores
  3 black mambas
  2 moths of wrath
  17 elephants
  9 merfolk sirens
  An ice statue (D:9)
  A gargoyle (D:14)
  7 water nymphs
  3 torpor snails
  Joseph (D:9)
  11 cane toads
  A komodo dragon (shapeshifter) (D:14)
  7 rime drakes
  A rime drake (shapeshifter) (D:14)
  An unseen horror (D:7)
  9 komodo dragons
  3 kobold demonologists (D:12)
  2 tengu conjurers (D:15)
  2 freezing wraiths
  A queen bee (Lair:4)
  4 trolls
  17 meliai
  15 merfolk
  5 polar bears
  10 tarantellas
  9 wind drakes
  7 hornets (Lair:5)
  9 dream sheep
  21 blink frogs
  11 snapping turtles
  A centaur simulacrum (D:15)
  6 culicivoras
  9 jumping spiders
  9 slime creatures
  2 vampires
  12 wyverns
  8 wraiths
  56 yaks
  2 shadows
  6 water elementals
  6 basilisks
  4 fire elementals (Spider:2)
  Grum (D:9)
  A golden eye (D:13)
  27 redbacks
  Menkaure (D:6)
  10 vampire mosquitoes
  3 wargs
  2 steam dragons (D:8)
  Edmund (D:5)
  3 acid dragons (D:12)
  3 hell hounds (Spider:2)
  17 water moccasins
  An ice beast (D:5)
  3 sky beasts
  11 orc warriors
  A meliai simulacrum (D:15)
  4 black bears
  37 ogres
  30 wolves
  4 boggarts (Lair:5)
  9 centaurs
  A lemure (D:6)
  2 phantoms
  18 bullfrogs
  2 kobold brigands
  5 scorpions
  28 killer bees
  9 vampire bats (Bailey)
  4 wolf zombies (Bailey)
  An electric eel (Spider:2)
  6 howler monkeys
  A centaur zombie (Ossuary)
  4 hounds
  2 human zombies (Ossuary)
  5 jellies
  3 gnoll boudas (D:14)
  7 orc priests
  An iguana (D:7)
  12 hell rats (Lair:5)
  15 orc wizards
  2 mummies (Ossuary)
  12 gnolls
  8 adders
  A shadow imp (D:7)
  A white imp (D:8)
  2 ufetubi (D:5)
  2 adder zombies (Ossuary)
  3 worms
  36 orcs
  9 ball pythons
  5 endoplasms
  4 giant cockroaches
  5 goblins
  6 hobgoblins
  7 jackals
  16 kobolds
  4 quokkas
  5 bats
  3 frilled lizards
  2 goblin zombies (Ossuary)
  12 hobgoblin zombies (Ossuary)
  2 jackal zombies (Ossuary)
  10 kobold zombies (Ossuary)
  21 orc zombies
  6 rats
  2 rat zombies (Ossuary)
  4 tentacles (Shoals:3)
987 creatures vanquished.

Vanquished Creatures (collateral kills)
  A jorogumo (Spider:1)
  A water nymph (Lair:2)
  A yak (D:8)
  A wolf (D:9)
  A jelly (D:5)
  An orc (D:5)
6 creatures vanquished.

Vanquished Creatures (others)
  A two-headed ogre (D:8)
  A yak (D:8)
  A gnoll (D:2)
  A goblin (D:5)
  9 tentacles (Shoals:3)
13 creatures vanquished.

Grand Total: 1006 creatures vanquished

Table legend:
 A = Non-vault XP
 B = Vault XP
 C = Vault XP percentage of total XP
 D = Non-vault monster count
 E = Vault monster count
 F = Vault count percentage of total count
                 A         B        C        D         E       F
            +---------+---------+-------+---------+---------+-------
      Total |  180312 |   81074 |  31.0 |     657 |     333 |  33.6
            +---------+---------+-------+---------+---------+-------
        D:1 |      37 |       2 |   5.1 |      23 |       1 |   4.2
        D:2 |     130 |       0 |   0.0 |      28 |       0 |   0.0
        D:3 |      21 |       0 |   0.0 |       9 |       0 |   0.0
        D:4 |     221 |      10 |   4.3 |      11 |       5 |  31.2
        D:5 |     442 |     249 |  36.0 |      16 |       3 |  15.8
        D:6 |     295 |     834 |  73.9 |       6 |       2 |  25.0
        D:7 |    1131 |       0 |   0.0 |      13 |       0 |   0.0
        D:8 |    2107 |     415 |  16.5 |      25 |       4 |  13.8
        D:9 |    3454 |    1903 |  35.5 |      18 |      11 |  37.9
       D:10 |    3402 |     787 |  18.8 |      31 |       1 |   3.1
       D:11 |    2539 |       0 |   0.0 |      18 |       0 |   0.0
       D:12 |    4724 |    1051 |  18.2 |      14 |       1 |   6.7
       D:13 |    8079 |     185 |   2.2 |      21 |       1 |   4.5
       D:14 |    8635 |    3012 |  25.9 |      17 |      24 |  58.5
       D:15 |    7869 |       0 |   0.0 |      18 |       0 |   0.0
     Lair:1 |    7505 |       0 |   0.0 |      34 |       0 |   0.0
     Lair:2 |    7236 |    1066 |  12.8 |      34 |       4 |  10.5
     Lair:3 |   15540 |     669 |   4.1 |      38 |       3 |   7.3
     Lair:4 |    5586 |    2884 |  34.0 |      17 |      26 |  60.5
     Lair:5 |    8792 |   15034 |  63.1 |      32 |      78 |  70.9
   Shoals:1 |    7434 |    2740 |  26.9 |      13 |       7 |  35.0
   Shoals:2 |   15189 |    9455 |  38.4 |      26 |      15 |  36.6
   Shoals:3 |   14966 |       0 |   0.0 |      30 |       0 |   0.0
   Shoals:4 |   16746 |   16489 |  49.6 |      36 |      27 |  42.9
   Spider:1 |   16151 |    1853 |  10.3 |      40 |       1 |   2.4
   Spider:2 |    9451 |    3407 |  26.5 |      30 |       9 |  23.1
   Spider:3 |    7474 |       0 |   0.0 |      17 |       0 |   0.0
   Spider:4 |     845 |       0 |   0.0 |       2 |       0 |   0.0
      Orc:1 |    2561 |     860 |  25.1 |      29 |       1 |   3.3
      Orc:2 |    1750 |   17144 |  90.7 |      11 |      40 |  78.4
    Ossuary |       0 |     210 | 100.0 |       0 |      39 | 100.0
     Bailey |       0 |     815 | 100.0 |       0 |      30 | 100.0
            +---------+---------+-------+---------+---------+-------

Skill      XL: |  1  2  3  4  5  6  7  8  9 10 11 12 13 14 15 16 17 |
---------------+----------------------------------------------------+-----
Stealth        | 7 8 |  8.0
Shapeshifting  | 1 2 3 4 5 7 8 10 12 16 | 16.6
Unarmed Combat | 3 4 5 6 8 10 11 13 14 15 16 17 | 17.0
Fighting       | 4 5 6 7 8 10 11 13 14 15 16 17 | 17.0
Dodging        | 5 6 7 8 10 | 10.0
Evocations     | 2 4 5 7 |  7.3
Translocations | 5 9 11 12 13 | 13.0
Air Magic      | 3 5 |  5.5
Spellcasting   | 3 4 |  4.0

Action                     |  1- 3 |  4- 6 |  7- 9 | 10-12 | 13-15 | 16-18 || total
---------------------------+-------+-------+-------+-------+-------+-------++-------
  Melee: Unarmed           |    97 |   130 |   330 |   669 |  1171 |   766 ||  3163
         Bite              |     7 |    11 |    38 |    92 |    46 |    83 ||   277
         Punch             |     3 |     3 |    12 |    50 |    28 |    65 ||   161
         Constrict         |       |       |       |    10 |   200 |       ||   210
         Maw               |       |       |       |       |    93 |   107 ||   200
         Tailslap          |       |       |       |       |       |    65 ||    65
   Cast: Vhi's Electric Ch |       |       |       |       |     1 |    42 ||    43
         Manifold Assault  |       |       |       |       |       |   126 ||   126
 Invoke: Potion Petition   |       |       |     1 |       |     1 |       ||     2
         Call Merchant     |       |       |       |       |     2 |       ||     2
Ability: Breathe Fire      |       |       |       |       |       |     2 ||     2
  Evoke: Wand              |       |     7 |    10 |    16 |    13 |     9 ||    55
         Box of beasts     |       |       |       |     1 |     3 |     1 ||     5
         Condenser vane    |       |       |       |       |       |     1 ||     1
    Use: Scroll            |     1 |     3 |     8 |     4 |    16 |     8 ||    40
         Potion            |       |       |       |     1 |     6 |    12 ||    19
   Stab: Sleeping          |    14 |    10 |    29 |    15 |    21 |     3 ||    92
         Distracted        |       |     1 |     2 |    10 |     5 |     3 ||    21
 Armour: Skin              |    24 |    38 |    96 |   197 |   598 |   445 ||  1398
  Dodge: Dodged            |    69 |    95 |   230 |   463 |   634 |   360 ||  1851
  Block: Other             |       |       |    49 |   115 |   215 |   116 ||   495
         Reflection        |       |       |     1 |     3 |    13 |     8 ||    25
   Form: Beast             |     1 |       |       |       |       |       ||     1
         Anaconda          |       |       |       |     1 |     2 |       ||     3
         Flux              |       |       |       |       |     1 |       ||     1
         Maw               |       |       |       |       |     2 |       ||     2
         Dragon            |       |       |       |       |       |     1 ||     1

Illustrated notes

Table legend:
 A = Kills in this place as a percentage of kills in the entire game.
 B = Kills by you in this place as a percentage of kills by you in the entire game.
 C = Kills by friends in this place as a percentage of kills by friends in the entire game.
 D = Other kills in this place as a percentage of other kills in the entire game.
 E = Experience gained in this place as a percentage of experience gained in the entire game.
 F = Experience gained in this place divided by the number of levels of this place that you have seen.
                   A       B       C       D       E      F
               +-------+-------+-------+-------+-------+----------------------
         Total | 100.0 | 100.0 | 100.0 | 100.0 | 100.0 | 7920.8
       Dungeon |  32.4 |  32.1 |  66.7 | 100.0 |  19.7 | 3435.6
          Lair |  26.9 |  27.0 |  16.7 |   0.0 |  24.6 | 12862.4
        Shoals |  15.6 |  15.7 |   0.0 |   0.0 |  31.8 | 20754.8
   Spider Nest |  10.0 |  10.0 |  16.7 |   0.0 |  15.0 | 9795.2
  Orcish Mines |   8.2 |   8.2 |   0.0 |   0.0 |   8.5 | 11157.5
       Ossuary |   3.9 |   4.0 |   0.0 |   0.0 |   0.1 | 210.0
        Bailey |   3.0 |   3.1 |   0.0 |   0.0 |   0.3 | 815.0
               +-------+-------+-------+-------+-------+----------------------

Table legend: (Time is in decaauts)
 A = Elapsed time spent in this place.
 B = Non-inter-level travel time spent in this place.
 C = Inter-level travel time spent in this place.
 D = Time resting spent in this place.
 E = Time spent auto-exploring this place.
 F = Levels seen in this place.
 G = Mean time per level.
                   A        B        C        D        E       F      G
               +--------+--------+--------+--------+--------+-----+--------+
         Total |  41574 |  37962 |   3612 |  13582 |   6328 |  33 | 1259.8 |
       Dungeon |  17294 |  15518 |   1776 |   4327 |   3871 |  15 | 1152.9 |
        Temple |     20 |     12 |      8 |      0 |      0 |   1 |   20.0 |
          Lair |  10434 |   9383 |   1051 |   3541 |   1661 |   5 | 2086.8 |
        Shoals |   7023 |   6588 |    435 |   3367 |    276 |   4 | 1755.8 |
   Spider Nest |   3265 |   2991 |    274 |   1209 |    247 |   4 |  816.2 |
  Orcish Mines |   2731 |   2665 |     66 |    982 |    246 |   2 | 1365.5 |
       Ossuary |    373 |    373 |      0 |    100 |     25 |   1 |  373.0 |
        Bailey |    430 |    430 |      0 |     54 |      0 |   1 |  430.0 |
               +--------+--------+--------+--------+--------+-----+--------+

Top non-repeatable levels by time:
  Lair:5: 2779 daAuts
Shoals:2: 2221 daAuts
Shoals:4: 2208 daAuts
Spider:1: 2185 daAuts
    D:14: 2079 daAuts
  Lair:3: 2051 daAuts
  Lair:4: 2051 daAuts
     D:9: 1906 daAuts
  Lair:2: 1867 daAuts
  Lair:1: 1684 daAuts
    D:12: 1606 daAuts
   Orc:2: 1539 daAuts
    D:15: 1510 daAuts
Shoals:1: 1440 daAuts
    D:13: 1436 daAuts
